General information
- name: BNet
- type: Ladder 1vs1/FFA
- host: Battle.net
- saver: nosprings
map: TwistedMeadows
- players: 2
- length: 63:08
- speed: Fast
- version: 1.26 W3XP
- replay type: Public
» download(189 KB)
Players
team 1 (loser)
W.MASTER (
yellow | 66 APM | 4166 actions | 63:07)
5 Warden
3 Fan of Knives
1 Shadow Strike
1 Blink
» actions
| Assign group hotkey | 10 | |
| Basic commands | 42 | |
| Build / train | 130 | |
| ESC pressed | 6 | |
| Enter build submenu | 110 | |
| Enter hero's abilities submenu | 5 | |
| Give item / drop item | 2 | |
| Remove unit from queue | 3 | |
| Right click | 1968 | |
| Select / deselect | 855 | |
| Select group hotkey | 564 | |
| Use ability | 471 | |
4166 total
» units
» upgrades
» buildings
| Altar of Elders | 2 | |
| Moon Well | 63 | |
| Ancient of War | 1 | |
| Tree of Ages | 2 | |
| Ancient of Wonders | 2 | |
| Tree of Eternity | 5 | |
| Hunter's Hall | 2 | |
| Ancient Protector | 21 | |
| Tree of Life | 8 | |
| Ancient of Wind | 2 | |
108 total
» build order
00:09 Altar of Elders
00:20 Moon Well
00:52 Moon Well
01:39 Ancient of War
02:06 Moon Well
02:16 Moon Well
02:33 Moon Well
02:38 Moon Well
02:54 Moon Well
03:04 Moon Well
03:27 Moon Well
03:40 Moon Well
04:04 Moon Well
04:21 Moon Well
04:37 Moon Well
05:41 Moon Well
05:44 Moon Well
05:45 Moon Well
06:10 Tree of Ages
06:10 Tree of Ages
06:14 Ancient of Wonders
06:47 Moon Well
09:12 Tree of Eternity
09:12 Tree of Eternity
09:15 Moon Well
09:19 Moon Well
09:23 Hunter's Hall
09:49 Moon Well
10:42 Ancient Protector
10:50 Moon Well
11:46 Moon Well
11:51 Moon Well
12:03 Moon Well
12:07 Moon Well
12:40 Moon Well
12:45 Ancient Protector
13:10 Moon Well
13:22 Moon Well
14:10 Moon Well
14:20 Moon Well
14:28 Moon Well
15:03 Moon Well
15:06 Tree of Eternity
15:06 Tree of Eternity
15:21 Moon Well
16:24 Moon Well
16:39 Moon Well
17:23 Altar of Elders
20:57 Tree of Life
21:08 Ancient Protector
24:09 Tree of Life
24:27 Moon Well
26:10 Tree of Life
30:28 Ancient Protector
30:37 Tree of Life
31:06 Ancient Protector
31:19 Ancient Protector
31:39 Ancient Protector
32:11 Ancient Protector
33:00 Hunter's Hall
33:12 Ancient Protector
35:01 Ancient Protector
35:05 Ancient Protector
35:18 Ancient Protector
36:15 Moon Well
36:24 Moon Well
36:28 Moon Well
36:31 Moon Well
36:45 Ancient Protector
36:50 Ancient Protector
37:35 Moon Well
37:39 Moon Well
37:51 Ancient Protector
38:01 Ancient Protector
38:14 Ancient Protector
39:54 Moon Well
41:05 Ancient Protector
41:17 Ancient of Wind
41:21 Ancient of Wind
41:35 Ancient Protector
41:50 Moon Well
41:58 Moon Well
42:09 Moon Well
43:30 Moon Well
44:58 Moon Well
45:10 Moon Well
45:14 Moon Well
45:17 Moon Well
45:37 Moon Well
46:03 Moon Well
46:14 Moon Well
46:16 Moon Well
46:19 Moon Well
47:13 Tree of Life
49:57 Tree of Life
51:51 Ancient Protector
53:44 Tree of Life
55:45 Moon Well
55:53 Moon Well
56:34 Moon Well
56:36 Moon Well
56:43 Ancient Protector
57:16 Moon Well
57:22 Moon Well
58:36 Tree of Life
58:50 Ancient of Wonders
62:49 Moon Well
» items
| Moonstone | 1 | |
| Orb of Venom | 6 | |
| Potion of Lesser Invulnerability | 6 | |
| Scroll of Town Portal | 4 | |
17 total
team 2 (winner)
nosprings (
orange | 64 APM | 4032 actions | 63:08)
6 Archmage
2 Blizzard
3 Brilliance Aura
1 Mass Teleport
6 Blood Mage
3 Flame Strike
2 Siphon Mana
1 Summon Phoenix
5 Dark Ranger
3 Life Drain
2 Silence
» actions
| Assign group hotkey | 78 | |
| Basic commands | 123 | |
| Build / train | 192 | |
| ESC pressed | 2 | |
| Enter build submenu | 94 | |
| Enter hero's abilities submenu | 17 | |
| Give item / drop item | 17 | |
| Right click | 1191 | |
| Select / deselect | 896 | |
| Select group hotkey | 873 | |
| Use ability | 549 | |
4032 total
» units
| Peasant | 24 | |
| Goblin Shredder | 3 | |
| Dragonhawk Rider | 8 | |
| Goblin Zeppelin | 1 | |
| Sorceress | 2 | |
| Gryphon Rider | 3 | |
| Flying Machine | 3 | |
44 total
» upgrades
| Swords | 3 | |
| Masonry | 3 | |
| Armor | 3 | |
| Cloud | 1 | |
| Animal War Training | 1 | |
| Gunpowder | 3 | |
| Plating | 3 | |
| Lumber Harvesting | 1 | |
| Magic Sentry | 1 | |
| Sorceress Training | 2 | |
| Storm Hammers | 1 | |
| Barrage | 1 | |
| Flak Cannons | 1 | |
| Priest Training | 1 | |
25 total
» buildings
| Altar of Kings | 1 | |
| Farm | 9 | |
| Lumber Mill | 1 | |
| Arcane Vault | 2 | |
| Scout Tower | 92 | |
| Arcane Tower | 9 | |
| Guard Tower | 40 | |
| Town Hall | 4 | |
| Keep | 1 | |
| Blacksmith | 2 | |
| Gryphon Aviary | 4 | |
| Castle | 2 | |
| Barracks | 1 | |
| Arcane Sanctum | 2 | |
| Workshop | 6 | |
176 total
» build order
00:04 Altar of Kings
00:22 Farm
00:23 Farm
00:39 Lumber Mill
00:49 Arcane Vault
01:02 Farm
01:08 Scout Tower
01:58 Arcane Tower
02:27 Scout Tower
02:35 Farm
03:07 Farm
03:11 Guard Tower
03:14 Scout Tower
03:14 Scout Tower
04:07 Town Hall
04:12 Scout Tower
04:13 Scout Tower
04:14 Scout Tower
04:26 Guard Tower
04:44 Arcane Tower
04:46 Guard Tower
05:00 Guard Tower
05:45 Scout Tower
05:47 Keep
06:15 Scout Tower
06:16 Scout Tower
06:20 Guard Tower
06:38 Scout Tower
06:38 Scout Tower
06:41 Scout Tower
06:43 Guard Tower
06:45 Arcane Vault
06:47 Farm
07:11 Guard Tower
08:08 Farm
08:35 Guard Tower
09:11 Blacksmith
09:15 Blacksmith
09:38 Gryphon Aviary
09:47 Gryphon Aviary
10:16 Gryphon Aviary
10:26 Castle
10:26 Castle
10:39 Gryphon Aviary
10:50 Scout Tower
11:51 Guard Tower
12:12 Barracks
17:28 Farm
17:36 Scout Tower
17:43 Scout Tower
17:44 Scout Tower
17:44 Scout Tower
17:45 Scout Tower
18:12 Guard Tower
18:14 Scout Tower
18:21 Guard Tower
19:21 Scout Tower
19:23 Scout Tower
19:27 Scout Tower
19:28 Scout Tower
19:45 Arcane Tower
20:46 Guard Tower
20:47 Scout Tower
20:47 Scout Tower
21:04 Arcane Tower
21:20 Guard Tower
21:23 Guard Tower
21:50 Town Hall
21:52 Scout Tower
21:52 Scout Tower
21:53 Scout Tower
22:02 Scout Tower
22:03 Scout Tower
22:04 Scout Tower
22:05 Scout Tower
22:06 Scout Tower
22:07 Scout Tower
23:01 Town Hall
23:05 Guard Tower
23:13 Scout Tower
23:14 Scout Tower
23:15 Scout Tower
23:16 Scout Tower
23:16 Scout Tower
23:17 Scout Tower
23:33 Arcane Tower
23:34 Guard Tower
23:47 Arcane Tower
23:50 Guard Tower
25:27 Arcane Tower
25:28 Guard Tower
26:27 Scout Tower
26:28 Scout Tower
26:29 Scout Tower
26:31 Scout Tower
26:31 Scout Tower
26:33 Scout Tower
27:17 Arcane Sanctum
27:27 Guard Tower
28:05 Arcane Sanctum
28:09 Guard Tower
28:35 Farm
34:28 Scout Tower
34:28 Scout Tower
35:07 Scout Tower
35:08 Scout Tower
35:09 Scout Tower
35:10 Scout Tower
35:11 Scout Tower
35:12 Scout Tower
36:20 Guard Tower
37:28 Workshop
37:28 Workshop
37:29 Workshop
37:31 Workshop
37:33 Workshop
37:35 Workshop
37:38 Arcane Tower
37:39 Guard Tower
37:55 Guard Tower
37:58 Scout Tower
37:59 Scout Tower
38:00 Scout Tower
38:55 Guard Tower
39:14 Scout Tower
39:15 Scout Tower
39:17 Scout Tower
39:18 Scout Tower
41:03 Guard Tower
41:05 Scout Tower
41:05 Scout Tower
41:06 Scout Tower
41:07 Scout Tower
42:09 Guard Tower
43:18 Guard Tower
43:20 Scout Tower
43:21 Scout Tower
43:22 Scout Tower
43:22 Scout Tower
45:03 Guard Tower
45:10 Guard Tower
45:15 Scout Tower
45:16 Scout Tower
45:20 Scout Tower
46:58 Guard Tower
47:00 Scout Tower
47:01 Scout Tower
47:02 Scout Tower
47:03 Scout Tower
47:03 Scout Tower
48:16 Guard Tower
48:34 Guard Tower
49:05 Town Hall
49:24 Guard Tower
49:26 Scout Tower
50:01 Guard Tower
50:03 Scout Tower
50:32 Guard Tower
50:34 Scout Tower
50:34 Scout Tower
51:53 Guard Tower
51:53 Scout Tower
51:54 Scout Tower
53:24 Guard Tower
55:44 Scout Tower
55:45 Scout Tower
56:19 Arcane Tower
56:43 Guard Tower
56:45 Scout Tower
56:46 Scout Tower
57:57 Guard Tower
58:10 Scout Tower
58:11 Scout Tower
58:16 Scout Tower
58:16 Scout Tower
62:37 Guard Tower
» items
| Mechanical Critter | 2 | |
| Scroll of Regeneration | 17 | |
| Boots of Speed | 1 | |
| Staff of Teleportation | 3 | |
| Lesser Clarity Potion | 5 | |
| Potion of Invisibility | 4 | |
| Potion of Lesser Invulnerability | 1 | |
| Potion of Healing | 6 | |
| Scroll of Town Portal | 4 | |
| Potion of Mana | 2 | |
| Staff of Sanctuary | 2 | |
| Periapt of Vitality | 1 | |
48 total
Chat log
(00:31 / All) W.MASTER: gl hf
(19:05 / All) W.MASTER: come
(19:13 / All) nosprings: have you ever actually won a real game?
(19:26 / All) W.MASTER: vs NE yes
(19:29 / All) nosprings: lol
(19:33 / All) nosprings: so then your answer is no
(19:34 / All) W.MASTER: many times
(22:35 / All) nosprings: you really used a tp scroll for that?
(22:49 / All) W.MASTER: im noob dude
(22:51 / All) W.MASTER: come
(22:55 / All) nosprings: youve played so many games
(22:58 / All) nosprings: you have no excuse to be noob
(23:02 / All) W.MASTER: with orc
(23:03 / All) W.MASTER: dude
(23:03 / All) nosprings: even as a joke strat
(23:10 / All) nosprings: i dont care what race you played
(23:20 / All) W.MASTER: shut up pussy suck
(23:23 / All) nosprings: lmfao
(23:25 / All) nosprings: foreigner
(26:04 / All) nosprings: lol wow
(29:01 / All) W.MASTER: why you just run
(29:04 / All) W.MASTER: come and kill me
(29:11 / All) nosprings: who says i want to end it
(29:13 / All) W.MASTER: i have 3 hero
(29:17 / All) nosprings: careface
(32:37 / All) W.MASTER: RUNNNNNNNN
(32:43 / All) nosprings: say the guy wasting money on tps
(32:51 / All) nosprings: lol
(35:24 / All) W.MASTER: JAJAJAJ
(35:30 / All) W.MASTER: SO MANY TOWER
(35:35 / All) nosprings: so many wells
(35:35 / All) W.MASTER: I HAVE JUST ONE UNIT
(35:38 / All) W.MASTER: SCRAED
(35:41 / All) W.MASTER: ?
(35:43 / All) nosprings: i like gold
(35:56 / All) W.MASTER: YOU LIKE A DICK
(36:01 / All) nosprings: mmmm yeah gimme some baby
(39:36 / All) W.MASTER: SO BORING SOH AFRAID
(39:39 / All) W.MASTER: PUSSY
(39:40 / All) W.MASTER: COME
(45:26 / All) W.MASTER: RUN GAY
(45:27 / All) W.MASTER: RUN
(45:29 / All) nosprings: lol
(45:39 / All) nosprings: foreigners are so funny when they try to talk shit in broken english
(48:07 / All) nosprings: really after all that
(48:09 / All) nosprings: chippo?
(48:50 / All) nosprings: lmao
(53:25 / All) nosprings: lol
(54:13 / All) nosprings: RUN
(56:05 / All) nosprings: lol
(56:36 / All) nosprings: still no chims?
(57:39 / All) W.MASTER: WHY YOU TAKE SO LONG?
(57:46 / All) nosprings: why you type caps
(62:25 / All) nosprings: wow
(62:26 / All) nosprings: so bad